 Dungeon Crawl Stone Soup version 0.19-a0-1654-g9d3f708 (webtiles) character file.

127 Alarkh the Grave Robber (level 4, 0/30 HPs)
             Began as a Mummy Necromancer on Sept 20, 2016.
             Killed from afar by an orc wizard (7 damage)
             ... with a puff of flame
             ... on level 4 of the Dungeon.
             The game lasted 00:04:39 (2713 turns).

Alarkh the Grave Robber (Mummy Necromancer)         Turns: 2713, Time: 00:04:40

Health: 0/30       AC:  4    Str: 11    XL:     4   Next: 85%
Magic:  2/9        EV: 12    Int: 15    God:
Gold:   191        SH:  0    Dex: 12    Spells: 2 memorised, 6 levels left

rFire  x . .     SeeInvis .     d - +0 dagger
rCold  + . .     Gourm    .     a - +0 robe
rNeg   + + +     Faith    .     (no shield)
rPois  ∞         Spirit   .     (no helmet)
rElec  .         Dismiss  .     n - +0 cloak
rCorr  .         Reflect  .     g - +0 pair of gloves
MR     .....     Harm     .     (no boots)
Stlth  ++........               h - amulet of magic regeneration
                                (no ring)
                                i - ring of wizardry

@: no status effects
A: no food or potions, fire vulnerability, cold resistance 1, negative energy
resistance 3, torment resistance, unbreathing
a: no special abilities


You were on level 4 of the Dungeon.
You were not hungry.

You visited 1 branch of the dungeon, and saw 4 of its levels.

You collected 191 gold pieces.

Inventory:

Hand Weapons
 d - a +0 dagger (weapon)
Missiles
 l - a throwing net (quivered)
Armour
 a - a +0 robe (worn)
 g - a +0 pair of gloves (worn)
 n - a +0 cloak (worn)
Jewellery
 h - an amulet of magic regeneration (around neck)
 i - a ring of wizardry (left hand)
Scrolls
 e - 2 scrolls of identify
 f - a scroll of enchant weapon {unknown}
 j - 2 scrolls of teleportation {unknown}
 k - a scroll of magic mapping {unknown}
 m - 5 scrolls of remove curse
 o - a scroll of amnesia {unknown}
 p - a scroll of blinking {unknown}
Books
 b - a book of Necromancy

   Spells                             Type                      Level
   a - Pain                           Necromancy                   1
   b - Animate Skeleton               Necromancy                   1
   c - Vampiric Draining              Necromancy                   3
   d - Regeneration                   Charms/Necromancy            3
   e - Animate Dead                   Necromancy                   4
   f - Control Undead                 Necromancy                   4


   Skills:
 - Level 1.5 Dodging
 - Level 1.5 Stealth
 + Level 3.6 Spellcasting
 + Level 5.2 Necromancy


You had 6 spell levels left.
You knew the following spells:

 Your Spells              Type           Power        Failure   Level  Hunger
a - Pain                  Necr           ###.         1%          1    N/A
b - Vampiric Draining     Necr           ###.......   4%          3    N/A

Dungeon Overview and Level Annotations

Branches:
Dungeon (4/15)
 Temple: D:4-7

Altars:
Hepliaklqana
Nemelex Xobeh
Ru
Uskayaw


Innate Abilities, Weirdness & Mutations

You do not eat or drink.
Your flesh is vulnerable to fire.
You are immune to poison.
Your flesh is cold resistant. (rC+)
You are immune to negative energy. (rN+++)
You are immune to unholy pain and torment.
You can survive without breathing.


Message History

The orc priest mumbles some strange prayers to Beogh against you.
Beogh smites you!
* * * LOW HITPOINT WARNING * * *
Casting: Pain
Confirm with . or Enter, or press ? or * to list all spells.
Aiming: Pain
Press: ? - help, Shift-Dir - straight line, f/p - orc wizard
Aim: an orc wizard, wielding a dagger and wearing a robe (severely wounded, chance to defeat MR: 78%)
The orc wizard barely resists.
The orc wizard closely misses you.
As you read the scroll of fear, it crumbles to dust.
You assume a fearsome visage.
The orc priest looks frightened! x2
The orc looks frightened! x2; The orc wizard looks frightened!
The orc wizard casts a spell.
The orc wizard flickers and vanishes!
Deactivating autopickup; reactivate with Ctrl-A.
Unknown command.
Cornered, the orc turns to fight!
A puff of flame appears from out of thin air!
The puff of flame hits you! The fire burns you terribly!
You die...

(.....######.#
#.# ......#
#.# #.#
......# #.#
#.# [.....#
#.# #.#
......# #.#
#o# ......#
#.# #.#
......# #.#
#.# .....
#.######.#
.....
#....@...#
.....
##########


There were no monsters in sight!

Vanquished Creatures
  A hound (D:3)
  3 adders
  3 worms
  2 dart slugs
  4 leopard geckos
  An orc (D:4)
  2 ball pythons (D:1)
  A giant cockroach (D:1)
  4 goblins
  5 hobgoblins
  4 jackals (D:3)
  2 kobolds
  A quokka (D:2)
  10 bats
  2 frilled lizards
  7 rats
52 creatures vanquished.

Notes
Turn   | Place    | Note
-------+----------+-------------------------------------------
     0 | D:1      | Alarkh the Mummy Necromancer began the quest for the Orb.
     0 | D:1      | Reached XP level 1. HP: 13/13 MP: 3/3
   214 | D:1      | Reached XP level 2. HP: 12/19 MP: 3/5
   461 | D:1      | Found a sparkling altar of Nemelex Xobeh.
  1084 | D:2      | Found a hazy altar of Hepliaklqana.
  1101 | D:2      | Reached XP level 3. HP: 24/24 MP: 4/6
  1154 | D:2      | Learned a level 3 spell: Vampiric Draining
  1743 | D:3      | Found a faded altar of an unknown god.
  1771 | D:3      | Became a worshipper of Uskayaw the Reveler
  1771 | D:3      | Reached * piety under Uskayaw
  1771 | D:3      | Fell from the grace of Uskayaw
  1785 | D:3      | Reached skill level 5 in Necromancy
  1785 | D:3      | Reached XP level 4. HP: 30/30 MP: 3/8
  2301 | D:3      | Found a sacrificial altar of Ru.
  2430 | D:4      | Noticed a phantom
  2469 | D:4      | Paralysed by the fury of Uskayaw for 5 turns
  2713 | D:4      | Killed from afar by an orc wizard

Vault maps used:
D:1:      minmay_arrival_open_corners, nemelex_xobeh_ov_fountains_minmay
D:2:      serial_bayou_pond_a, lemuel_tele_altar
D:3:      ecumenical_altar_1, nicolae_ru_the_path_less_chosen

Skill      XL: |  1  2  3 |
---------------+----------+-----
Spellcasting   | 3 |  3.6
Necromancy     | 5 |  5.2
Dodging        | |  1.5
Stealth        | |  1.5

Action                   |  1- 3 |  4- 6 || total
-------------------------+-------+-------++-------
Melee: Unarmed           |     5 |       ||     5
       Dagger            |    12 |       ||    12
 Cast: Pain              |    93 |    42 ||   135
       Vampiric Draining |       |     2 ||     2
Invok: Renounce Religion |     1 |       ||     1
  Use: Scroll            |     1 |     2 ||     3
Armor: Robe              |    34 |     4 ||    38
Dodge: Dodged            |    61 |     7 ||    68
